Map: Orbital Shipyard

Players

NYO

  • Race: Zerg Zerg
  • League: Diamond

Miszu - Winner!

  • Race: Terran Terran
  • League: Master

VOD

Have the link to the VOD?

Description

Time

  • Played on: March 13, 2016, 8:30 a.m.
  • Length: 6:40
Show
View Real Time Build Order
Export as new Build Order

NYO Zerg 

Build Orders: Hatch First, Zergling Baneling 

Get SALT Encoding   

  12  0:01  Drone  
  13  0:12  Overlord  
  13  0:18  Drone  
  14  0:23  Extractor, Drone  
  15  0:36  Drone  
  15  0:37  Drone  
  17  0:59  Hatchery  
  17  1:01  Drone  
  17  1:13  Spawning Pool  
  17  1:14  Drone  
  17  1:17  Extractor  
  16  1:19  Drone  
  16  1:24  Drone  
  18  1:29  Drone  
  19  1:45  Overlord  
  19  1:51  Drone  
  20  2:00  Queen  
  22  2:04  Zergling x2  
  23  2:12  Queen  
  23  2:13  Zergling x2  
  26  2:18  Zergling x2  
  27  2:22  Metabolic Boost  
  27  2:25  Zergling x2  
  27  2:28  Drone  
  29  2:35  Drone  
  29  2:36  Drone  
  30  2:48  Zergling x2  
  31  3:01  Baneling Nest  
  30  3:06  Zergling x2  
  30  3:09  Queen  
  30  3:20  Zergling x10  
  33  3:29  Overlord  
  33  3:34  Queen  
  33  3:37  Spine Crawler  
  33  3:40  Spine Crawler  
  33  3:51  Zergling x2  
  33  3:52  Zergling x6  
  35  4:08  Baneling  
  35  4:09  Baneling x7  
  32  4:12  Queen  
  31  4:18  Zergling x2  
  31  4:22  Zergling x2  
  22  4:51  Zergling x4  
  18  5:13  Drone x2  
  19  5:30  Drone x3  
  22  5:37  Queen  
  22  5:39  Drone  
  25  5:57  Hatchery  
  24  6:06  Zergling x2  
  16  6:23  Drone  
Show
View Real Time Build Order
Export as new Build Order

Miszu Terran - Winner!

Build Orders:  

Get SALT Encoding   

  12  0:01  SCV  
  13  0:13  SCV  
  14  0:18  Supply Depot  
  14  0:25  SCV  
  15  0:40  SCV  
  16  0:43  Barracks  
  16  0:45  Refinery  
  16  0:52  SCV  
  17  0:59  Barracks  
  17  1:04  SCV  
  18  1:16  SCV  
  19  1:22  Barracks  
  19  1:28  SCV  
  20  1:33  Refinery, Reaper  
  21  1:45  Supply Depot  
  21  1:46  Reaper  
  22  2:00  Orbital Command  
  22  2:05  Reaper  
  23  2:14  Supply Depot, Reaper  
  24  2:20  Reaper  
  25  2:26  SCV  
  26  2:38  Reaper  
  27  2:44  SCV  
  27  2:46  Reaper  
  29  2:56  SCV  
  29  2:58  Reaper  
  31  3:08  SCV  
  31  3:10  Reaper  
  33  3:18  Reaper  
  34  3:20  Command Center, SCV  
  35  3:30  Reaper  
  35  3:33  SCV  
  37  3:42  Reaper  
  37  3:43  Supply Depot  
  38  3:53  Barracks Tech Lab  
  38  3:57  SCV  
  38  4:00  Command Center  
  39  4:09  SCV  
  40  4:21  SCV  
  40  4:24  Barracks Reactor  
  41  4:33  SCV  
  42  4:40  Reaper  
  39  4:45  SCV  
  39  4:46  Marine  
  39  4:52  Orbital Command  
  38  4:57  SCV  
  36  5:04  Marine  
  36  5:09  SCV  
  36  5:19  Marine  
  36  5:20  Marine, Orbital Command  
  38  5:23  SCV  
  39  5:30  Supply Depot  
  39  5:37  SCV  
  39  5:41  SCV  
  41  5:45  Marine  
  41  5:49  SCV  
  43  5:51  SCV  
  43  5:53  SCV  
  43  5:54  Marine  
  43  5:55  Marine  
  47  6:01  SCV  
  47  6:03  SCV  
  49  6:07  Marine x2  
  50  6:12  Marine  
  50  6:13  Marine  
  52  6:20  SCV  
  52  6:23  SCV  
  52  6:25  SCV  
  56  6:26  Factory  
  56  6:30  Supply Depot  
Tags
 
Add a new tag
Caveats
  • Supply blocks, unpowered buildings, or Contaminate may cause inaccurate times.
  • Supply counts are checked every 10 seconds.